 Dungeon Crawl Stone Soup version 0.24.0-37-gcf1ca852f1 (webtiles) character file.

Game seed: 42922050003400229, levelgen mode: deterministic

8558 FishyPogo the Thaumaturge (level 11, 0/85 HPs)
             Began as a Gnoll Skald on Dec 6, 2019.
             Was a High Priest of Okawaru.
             Splashed by an acid dragon's acid (9 damage)
             ... on level 11 of the Dungeon.
             The game lasted 00:43:03 (9627 turns).

FishyPogo the Thaumaturge (Gnoll Skald)             Turns: 9627, Time: 00:43:04

Health: 0/85       AC: 15    Str: 16    XL:     11   Next: 32%
Magic:  16/23      EV: 17    Int: 21    God:    Okawaru [*****.]
Gold:   566        SH:  0    Dex: 16    Spells: 7/26 levels left

rFire    . . .     SeeInvis .   U - +10 short sword "Sarcophage" {drain, rElec rPois rC- rN++}
rCold    . . .     Gourm    .   (no shield)
rNeg     + + .     Faith    .   t - +3 leather armour
rPois    +         Spirit   .   H - +2 helmet {Int+3}
rElec    +         Reflect  .   g - +1 cloak
rCorr    .         Harm     .   K - +2 pair of gloves
MR       ++...                  (no boots)
Stlth    +++.......             (no amulet)
HPRegen  1.24/turn              b - ring of the Mage {Wiz MR++ Int+3}
MPRegen  0.18/turn              v - ring of protection from cold

@: shrouded, regenerating
A: distributed training, fangs 1, strong nose
a: Heroism, Finesse, Renounce Religion


You were on level 11 of the Dungeon.
You worshipped Okawaru.
Okawaru was extremely pleased with you.
You were hungry.

You visited 1 branch of the dungeon, and saw 11 of its levels.
You also visited: Sewer.

You collected 566 gold pieces.

Inventory:

Hand Weapons
 U - the +10 short sword "Sarcophage" (weapon) {drain, rElec rPois rC- rN++}
   (You found it on level 8 of the Dungeon)

   A truly terrible weapon, it drains the life of those it strikes.
   It makes you vulnerable to cold.
   It insulates you from electricity.
   It protects you from poison.
   It greatly protects you from negative energy.
Missiles
 c - 117 poisoned darts (quivered)
 f - 10 boomerangs
 i - 134 stones
 J - 4 silver boomerangs
 X - 4 javelins
Armour
 g - a +1 cloak (worn)
 t - a +3 leather armour (worn)
 H - a +2 helmet of intelligence (worn)
 K - a +2 pair of gloves (worn)
Jewellery
 a - an uncursed ring of ice
 b - the ring of the Mage (left hand) {Wiz MR++ Int+3}
   (You found it on level 4 of the Dungeon)

   [ring of wizardry]

   It improves your spell success rate.
   It affects your intelligence (+3).
   It affects your resistance to hostile enchantments.
 k - an uncursed ring of protection from fire
 q - an uncursed ring of fire
 v - a ring of protection from cold (right hand)
 M - an uncursed ring of resist corrosion
 N - an uncursed ring of protection from magic
Wands
 r - a wand of iceblast (14)
 y - a wand of acid (11)
 A - a wand of flame (18)
 B - a wand of disintegration (20)
Scrolls
 e - a scroll of torment {unknown}
 j - 5 scrolls of remove curse
 l - 6 scrolls of teleportation
 m - 2 scrolls of identify
 p - a scroll of vulnerability {unknown}
 s - 3 scrolls of noise {unknown}
 x - 4 scrolls of enchant weapon {unknown}
 z - a scroll of random uselessness {unknown}
 D - 2 scrolls of magic mapping {unknown}
 E - a scroll of fog {unknown}
 G - 2 scrolls of immolation {unknown}
 Q - a scroll of silence {unknown}
 S - 4 scrolls of enchant armour {unknown}
 V - a scroll of amnesia {unknown}
 W - a scroll of fear
Potions
 h - 4 potions of curing
 n - 5 potions of heal wounds
 o - 2 potions of invisibility
 u - 2 potions of flight
 w - 3 potions of brilliance
 C - 2 potions of magic
 F - a potion of mutation {unknown}
 I - a potion of cancellation
 O - a potion of lignification
 P - a potion of resistance {unknown}
 R - a potion of degeneration {unknown}
 T - a potion of agility
 Z - a potion of ambrosia
Comestibles
 d - 29 rations


   Skills:
 + Level 7.7 Fighting
 + Level 6.1 Short Blades
 + Level 6.1 Long Blades
 + Level 6.1 Axes
 + Level 6.1 Maces & Flails
 + Level 7.7 Polearms
 + Level 6.1 Staves
 + Level 6.1 Slings
 + Level 6.1 Bows
 + Level 6.1 Crossbows
 + Level 6.1 Throwing
 + Level 6.6 Armour
 + Level 7.7 Dodging
 + Level 6.1 Stealth
 + Level 6.1 Shields
 + Level 6.1 Unarmed Combat
 + Level 8.0 Spellcasting
 + Level 5.0 Conjurations
 + Level 5.0 Hexes
 + Level 7.5 Charms
 + Level 5.0 Summonings
 + Level 5.0 Necromancy
 + Level 5.0 Translocations
 + Level 5.0 Transmutations
 + Level 5.0 Fire Magic
 + Level 5.0 Ice Magic
 + Level 5.0 Air Magic
 + Level 5.0 Earth Magic
 + Level 5.0 Poison Magic
 + Level 6.6 Invocations
 + Level 6.1 Evocations


You had 7 spell levels left.
You knew the following spells:

 Your Spells              Type           Power        Failure   Level  Hunger
c - Iskenderun's Mystic   Conj           ####....     4%          4    ###....
f - Cause Fear            Hex            ####......   4%          4    ###....
h - Regeneration          Chrm/Necr      ####......   1%          3    None
n - Spectral Weapon       Hex/Chrm       ####....     1%          3    None
p - Shroud of Golubria    Chrm/Tloc      ####..       1%          2    None
u - Song of Slaying       Chrm           #####...     1%          2    None
y - Infusion              Chrm           ####         1%          1    None

Your spell library contained the following spells:

 Spells                   Type           Power        Failure   Level  Hunger
 Corona                   Hex            ####...      1%          1    None
 Magic Dart               Conj           ####         1%          1    None
 Searing Ray              Conj           ####..       1%          2    None
 Slow                     Hex            ####....     1%          2    None
 Dazzling Spray           Conj/Hex       ####..       1%          3    None
 Inner Flame              Hex/Fire       ####....     1%          3    None
 Portal Projectile        Hex/Tloc       ####..       1%          3    None
 Force Lance              Conj/Tloc      ####....     4%          4    ###....
 Fulminant Prism          Conj/Hex       ####......   4%          4    ###....
 Leda's Liquefaction      Hex/Erth       ####......   4%          4    ###....


Dungeon Overview and Level Annotations

Branches:
Dungeon (11/15)            Temple (0/1) D:6            Lair (0/6) D:10
    Orc (0/2) D:9           Sewer (visited)

Altars:
Ashenzari
Dithmenos
Elyvilon
Kikubaaqudgha
Makhleb
Okawaru
Qazlal
Wu Jian
Xom
The Shining One

Shops:
D:5 =   D:10 (

Annotations:
D:6 2 transporters


Innate Abilities, Weirdness & Mutations

Your experience applies equally to all skills.
You have very sharp teeth.
Your uncanny sense of smell can sniff out nearby items.


Message History

The cyclops barely misses you.
Casting: Regeneration (safe; 1% risk of failure)
Confirm with . or Enter, or press ? or * to list all spells.
Space distorts slightly along a thin shroud covering your body.
Your shroud bends the cyclops's attack away!
You barely miss the cyclops.
Your spectral weapon hits the cyclops.
You puncture the cyclops!
The cyclops is moderately wounded.
Your spectral weapon hits the cyclops!
The cyclops completely misses you.
You puncture the cyclops! You drain the cyclops.
The cyclops is almost dead.
Your spectral weapon hits the cyclops!
You kill the cyclops!
Okawaru accepts your kill.
Your Spellcasting skill increases to level 8!
The acid dragon spits acid at you. The splash of acid hits you!
* * * LOW HITPOINT WARNING * * *
You are splashed with acid!
You die...

..... ..... ..... .... ##
############### ..#
##..#.............# ..#
...#..........$..# ..#
...'.............#
..#######......((.....##
............(...@........
...............(.........
.........#####D##........
.........+ ....#........
.........# .....#........
.........#......#.....###
.....##+##..##..#.....#
.....# ... .....# .....#


You could see an acid dragon and a friendly spectral +10 short sword
"Sarcophage" {drain, rElec rPois rC- rN++}.

Vanquished Creatures
  2 two-headed ogres (D:9)
  An unseen horror (D:10)
  A cyclops (D:11)
  A gargoyle (D:11)
  3 hornets (D:10)
  2 hippogriffs
  4 wargs (D:9)
  A soldier ant (D:10)
  A water moccasin (D:8)
  An ice beast (D:10)
  2 sky beasts
  A phantom (D:6)
  3 orc warriors
  An ogre (D:7)
  A centaur (D:9)
  2 crocodiles
  A big kobold (D:3)
  5 bullfrogs
  2 wyvern skeletons
  A scorpion (D:2)
  11 killer bees (D:10)
  10 wights
  2 howler monkeys
  3 bullfrog zombies
  3 crimson imps
  2 centaur zombies
  6 hounds
  2 jellies
  A bullfrog skeleton (D:8)
  10 orc priests
  2 centaur skeletons
  An iguana (D:8)
  7 orc wizards
  Ijyb (D:3)
  8 worker ants
  3 howler monkey zombies
  A howler monkey skeleton (D:4)
  8 gnolls (D:5)
  11 adders
  4 river rats (D:4)
  A shadow imp (D:9)
  An ooze (D:2)
  2 adder zombies
  An adder skeleton (D:6)
  3 worms
  2 dart slugs
  4 leopard geckos
  50 orcs
  6 ball pythons
  5 giant cockroaches
  7 goblins
  10 hobgoblins
  15 jackals
  11 kobolds
  2 quokkas
  14 bats
  8 frilled lizards
  A quokka skeleton (D:7)
  7 rats
  A plant (Sewer)
283 creatures vanquished.

Vanquished Creatures (others)
  A plant (Sewer)
  5 spectral weapons
6 creatures vanquished.

Grand Total: 289 creatures vanquished

Notes
Turn   | Place    | Note
-------+----------+-------------------------------------------
     0 | D:1      | FishyPogo the Gnoll Skald began the quest for the Orb.
     0 | D:1      | Reached XP level 1. HP: 20/20 MP: 6/6
   145 | D:1      | Reached XP level 2. HP: 26/26 MP: 1/7
   185 | D:1      | Learned a level 2 spell: Song of Slaying
   188 | D:1      | Learned a level 2 spell: Shroud of Golubria
   270 | D:1      | Reached XP level 3. HP: 27/31 MP: 9/9
   356 | D:1      | Reached skill level 5 in Spellcasting
   594 | D:2      | Reached skill level 1 in Invocations
   676 | D:2      | Reached skill level 1 in Short Blades
   676 | D:2      | Reached skill level 1 in Long Blades
   676 | D:2      | Reached skill level 1 in Axes
   676 | D:2      | Reached skill level 1 in Maces & Flails
   676 | D:2      | Reached skill level 1 in Staves
   676 | D:2      | Reached skill level 1 in Slings
   676 | D:2      | Reached skill level 1 in Bows
   676 | D:2      | Reached skill level 1 in Crossbows
   676 | D:2      | Reached skill level 1 in Throwing
   676 | D:2      | Reached skill level 1 in Stealth
   676 | D:2      | Reached skill level 1 in Shields
   676 | D:2      | Reached skill level 1 in Unarmed Combat
   676 | D:2      | Reached skill level 1 in Evocations
   683 | D:2      | Found a shattered altar of Ashenzari.
   691 | D:2      | Reached XP level 4. HP: 31/38 MP: 4/11
   831 | D:2      | Reached skill level 1 in Conjurations
   831 | D:2      | Reached skill level 1 in Hexes
   831 | D:2      | Reached skill level 1 in Summonings
   831 | D:2      | Reached skill level 1 in Necromancy
   831 | D:2      | Reached skill level 1 in Translocations
   831 | D:2      | Reached skill level 1 in Transmutations
   831 | D:2      | Reached skill level 1 in Fire Magic
   831 | D:2      | Reached skill level 1 in Ice Magic
   831 | D:2      | Reached skill level 1 in Air Magic
   831 | D:2      | Reached skill level 1 in Earth Magic
   831 | D:2      | Reached skill level 1 in Poison Magic
   831 | D:2      | Reached XP level 5. HP: 23/43 MP: 10/12
   836 | D:2      | Learned a level 3 spell: Regeneration
   840 | D:2      | Learned a level 3 spell: Spectral Weapon
  1160 | D:2      | Found an ornate altar of the Wu Jian Council.
  1258 | D:3      | Noticed a big kobold
  1294 | D:3      | Killed a big kobold
  1294 | D:3      | Reached XP level 6. HP: 10/50 MP: 0/14
  1452 | D:3      | Noticed Ijyb
  1467 | D:3      | Killed Ijyb
  1467 | D:3      | Reached skill level 5 in Fighting
  1467 | D:3      | Reached skill level 5 in Polearms
  1467 | D:3      | Reached skill level 5 in Dodging
  1597 | D:3      | Found an ancient bone altar of Kikubaaqudgha.
  1646 | D:3      | Found a shadowy altar of Dithmenos.
  1680 | D:3      | Found an iron altar of Okawaru.
  1696 | D:3      | Became a worshipper of Warmaster Okawaru
  1871 | D:3      | Reached XP level 7. HP: 31/56 MP: 15/15
  2226 | D:4      | Found the ring of the Mage {Wiz MR++ Int+3}
  2685 | D:4      | Found a glowing drain.
  2709 | Sewer    | Entered a sewer
  2748 | Sewer    | Reached * piety under Okawaru
  3616 | D:5      | Entered Level 5 of the Dungeon
  3919 | D:5      | Reached XP level 8. HP: 63/63 MP: 3/16
  4019 | D:5      | HP: 1/63 [gnoll/+0 halberd (11)]
  4103 | D:5      | Found a white marble altar of Elyvilon.
  4468 | D:5      | Found Vusch's Jewellery Shoppe.
  5096 | D:6      | Reached skill level 6 in Spellcasting
  5192 | D:6      | Found a transporter.
  5193 | D:6      | Noticed a hippogriff
  5214 | D:6      | Killed a hippogriff
  5266 | D:6      | Reached ** piety under Okawaru
  5278 | D:6      | Noticed a kobold demonologist
  5280 | D:6      | Noticed a kobold demonologist
  5295 | D:6      | Found the +27 Lear's hauberk
  5421 | D:6      | Found a transporter.
  5819 | D:6      | Found a staircase to the Ecumenical Temple.
  5963 | D:7      | HP: 3/64 [orc priest/divine providence (15)]
  5972 | D:7      | Reached XP level 9. HP: 35/69 MP: 4/18
  7300 | D:8      | Reached skill level 5 in Armour
  7453 | D:8      | Got a brightly glowing short sword
  7467 | D:8      | Reached *** piety under Okawaru
  7689 | D:8      | Found a stormy altar of Qazlal.
  7703 | D:8      | Identified the +10 short sword "Sarcophage" {drain, rElec
                  | rPois rC- rN++} (You found it on level 8 of the Dungeon)
  7712 | D:8      | Learned a level 4 spell: Iskenderun's Mystic Blast
  7926 | D:9      | Reached skill level 5 in Invocations
  7950 | D:9      | Reached XP level 10. HP: 38/77 MP: 1/20
  7954 | D:9      | Reached skill level 7 in Spellcasting
  7978 | D:9      | Got a clouded brass ring
  7980 | D:9      | Identified the ring "Agaff" {MR+ Int+4} (You found it on
                  | level 9 of the Dungeon)
  7992 | D:9      | Noticed a two-headed ogre
  8001 | D:9      | Noticed a two-headed ogre
  8100 | D:9      | Killed a two-headed ogre
  8100 | D:9      | Reached **** piety under Okawaru
  8100 | D:9      | Received a gift from Okawaru
  8100 | D:9      | Reached skill level 5 in Short Blades
  8100 | D:9      | Reached skill level 5 in Long Blades
  8100 | D:9      | Reached skill level 5 in Axes
  8100 | D:9      | Reached skill level 5 in Maces & Flails
  8100 | D:9      | Reached skill level 5 in Staves
  8100 | D:9      | Reached skill level 5 in Slings
  8100 | D:9      | Reached skill level 5 in Bows
  8100 | D:9      | Reached skill level 5 in Crossbows
  8100 | D:9      | Reached skill level 5 in Throwing
  8100 | D:9      | Reached skill level 5 in Stealth
  8100 | D:9      | Reached skill level 5 in Shields
  8100 | D:9      | Reached skill level 5 in Unarmed Combat
  8100 | D:9      | Reached skill level 5 in Evocations
  8116 | D:9      | Killed a two-headed ogre
  8174 | D:9      | Found a shimmering altar of Xom.
  8254 | D:9      | Found a burning altar of Makhleb.
  8552 | D:9      | Found a staircase to the Orcish Mines.
  8594 | D:10     | Entered Level 10 of the Dungeon
  8760 | D:10     | Found a glowing golden altar of the Shining One.
  8800 | D:10     | Reached ***** piety under Okawaru
  8876 | D:10     | Killed an unseen horror
  8881 | D:10     | Found Ziah's Weapon Emporium.
  9029 | D:10     | Reached XP level 11. HP: 78/84 MP: 22/22
  9152 | D:10     | Found a staircase to the Lair.
  9178 | D:10     | Learned a level 4 spell: Cause Fear
  9454 | D:11     | Reached skill level 5 in Conjurations
  9454 | D:11     | Reached skill level 5 in Hexes
  9454 | D:11     | Reached skill level 5 in Summonings
  9454 | D:11     | Reached skill level 5 in Necromancy
  9454 | D:11     | Reached skill level 5 in Translocations
  9454 | D:11     | Reached skill level 5 in Transmutations
  9454 | D:11     | Reached skill level 5 in Fire Magic
  9454 | D:11     | Reached skill level 5 in Ice Magic
  9454 | D:11     | Reached skill level 5 in Air Magic
  9454 | D:11     | Reached skill level 5 in Earth Magic
  9454 | D:11     | Reached skill level 5 in Poison Magic
  9614 | D:11     | Noticed a cyclops
  9626 | D:11     | Killed a cyclops
  9626 | D:11     | Reached skill level 8 in Spellcasting
  9627 | D:11     | Splashed by an acid dragon's acid

Levels and vault maps discovered:
D:1:      matt_arrival_los_fun, layout_basic
D:2:      layout_loops_ring, lemuel_round_altar, nicolae_overflow_crystal_walls
D:3:      layout_loops_ring, kiku_gazebo_pond_becter, old_standard_altar,
          first_ration, okawaru_ov_weapons_minmay, uniq_ijyb
D:4:      layout_cave_pools, portal_sewer_entry_e, minmay_starry_boxes
D:5:      layout_layer_cave, elyvilon_altar_1, serial_shops,
          nicolae_shop_temple_entry_statues_fountains
D:6:      gammafunk_wand_slinger, layout_basic, minmay_temple_entry_nine_rooms,
          kennysheep_generic_room_6
D:7:      layout_layer_cave
D:8:      layout_loops_corners, overflow_temple_1_default
D:9:      layout_rooms, kennysheep_mini_moat, marbit_many_paths,
          minmay_orc_entry_guard_dogs
D:10:     layout_long_grid, lair_entry_dummy, serial_shops,
          nicolae_shop_window_shopping, basic_altar, hangedman_pestilent_swarm,
          serial_bayou_pond_d, evilmike_butchery
D:11:     layout_gridville, small_chamber_with_monster, uniq_josephine

Skill      XL: |  1  2  3  4  5  6  7  8  9 10 11 |
---------------+----------------------------------+-----
Spellcasting   | 5 6 7 8 |  8.0
Invocations    | 1 2 3 4 5 6 |  6.6
Short Blades   | 1 2 3 4 5 6 |  6.1
Long Blades    | 1 2 3 4 5 6 |  6.1
Axes           | 1 2 3 4 5 6 |  6.1
Maces & Flails | 1 2 3 4 5 6 |  6.1
Staves         | 1 2 3 4 5 6 |  6.1
Slings         | 1 2 3 4 5 6 |  6.1
Bows           | 1 2 3 4 5 6 |  6.1
Crossbows      | 1 2 3 4 5 6 |  6.1
Throwing       | 1 2 3 4 5 6 |  6.1
Stealth        | 1 2 3 4 5 6 |  6.1
Shields        | 1 2 3 4 5 6 |  6.1
Unarmed Combat | 1 2 3 4 5 6 |  6.1
Evocations     | 1 2 3 4 5 6 |  6.1
Conjurations   | 1 2 3 4 5 |  5.0
Hexes          | 1 2 3 4 5 |  5.0
Summonings     | 1 2 3 4 5 |  5.0
Necromancy     | 1 2 3 4 5 |  5.0
Translocations | 1 2 3 4 5 |  5.0
Transmutations | 1 2 3 4 5 |  5.0
Fire Magic     | 1 2 3 4 5 |  5.0
Ice Magic      | 1 2 3 4 5 |  5.0
Air Magic      | 1 2 3 4 5 |  5.0
Earth Magic    | 1 2 3 4 5 |  5.0
Poison Magic   | 1 2 3 4 5 |  5.0
Armour         | 3 4 5 6 |  6.6
Fighting       | 5 6 7 |  7.7
Polearms       | 5 6 7 |  7.7
Dodging        | 5 6 7 |  7.7
Charms         | 6 7 |  7.5

Action                   |  1- 3 |  4- 6 |  7- 9 | 10-12 || total
-------------------------+-------+-------+-------+-------++-------
Melee: Spear             |   113 |   193 |   428 |       ||   734
       Bite              |     6 |    14 |   103 |    19 ||   142
       Punch             |       |     2 |    12 |     1 ||    15
       Hand axe          |       |       |   314 |       ||   314
       Short sword       |       |       |    29 |   159 ||   188
       War axe           |       |       |    23 |       ||    23
Throw: Dart              |       |     1 |     1 |       ||     2
 Cast: Infusion          |     5 |     5 |    12 |     3 ||    25
       Shroud of Golubri |     1 |     4 |     7 |     4 ||    16
       Song of Slaying   |     1 |     2 |    15 |     7 ||    25
       Regeneration      |       |     6 |    28 |     4 ||    38
       Spectral Weapon   |       |     5 |    46 |     9 ||    60
Invok: Heroism           |       |       |       |     1 ||     1
  Use: Potion            |       |     1 |     5 |       ||     6
       Scroll            |       |       |    14 |       ||    14
 Stab: Sleeping          |     1 |     4 |     4 |     6 ||    15
       Distracted        |       |       |     3 |     2 ||     5
  Eat: Chunk             |       |     5 |    21 |     6 ||    32
       Ration            |       |       |     1 |       ||     1
Armor: Leather armour    |    23 |    46 |   160 |    59 ||   288
       Ring mail         |       |       |    32 |       ||    32
       Chain mail        |       |       |    32 |       ||    32
Dodge: Dodged            |    76 |   144 |   550 |   155 ||   925
